 Dungeon Crawl Stone Soup version 0.26-a0-753-g4680b4fa2e (webtiles) character file.

Game seed: 17449873106713927192

634 Queen the Cudgeler (level 7, -1/44 HPs)
             Began as a Gargoyle Fighter on Nov 7, 2020.
             Slain by an orc warrior
             ... wielding a +0 war axe
              (14 damage)
             ... on level 4 of the Dungeon.
             The game lasted 00:13:29 (4332 turns).

Queen the Cudgeler (Gargoyle Fighter)               Turns: 4332, Time: 00:13:30

Health: -1/44      AC: 13    Str: 21    XL:     7   Next: 49%
Magic:  7/7        EV:  7    Int:  9    God:
Gold:   180        SH: 14    Dex:  9    Spells: 6/6 levels left

rFire    . . .     SeeInvis .   a - +0 flail
rCold    . . .     Faith    .   c - +0 kite shield
rNeg     + . .     Spirit   .   b - +0 scale mail
rPois    ∞         Reflect  +   (no helmet)
rElec    +         Harm     .   (no cloak)
rCorr    .         Rampage  .   (no gloves)
MR       .....                  r - +0 pair of boots
Stlth    ..........             o - amulet of reflection
HPRegen  0.14/turn              (no ring)
MPRegen  0.10/turn              (no ring)

@: no status effects
A: negative energy resistance 1, electricity resistance, unbreathing,
petrification resistance, rot immunity, AC +4
a: no special abilities


You were on level 4 of the Dungeon.
You visited 1 branch of the dungeon, and saw 4 of its levels.

You collected 180 gold pieces.

Inventory:

Hand Weapons
 a - a +0 flail (weapon)
Armour
 b - a +0 scale mail (worn)
 c - a +0 kite shield (worn)
 r - a +0 pair of boots (worn)
Jewellery
 g - an uncursed amulet of faith
 o - an amulet of reflection (around neck)
Wands
 k - a wand of enslavement (8)
 n - a wand of polymorph (6)
Scrolls
 d - a scroll of magic mapping {unknown}
 i - 4 scrolls of remove curse
 m - a scroll of enchant weapon
 s - 2 scrolls of enchant armour
 t - a scroll of amnesia
Potions
 h - a potion of invisibility
 j - 2 potions of mutation {unknown}
 l - a potion of brilliance {unknown}
 p - a potion of curing {unknown}
 q - a potion of resistance {unknown}


   Skills:
 + Level 5.4 Fighting
 * Level 5.9 Maces & Flails
 + Level 5.3 Armour
 - Level 3.2 Shields


You had 6 spell levels left.
You didn't know any spells.
Your spell library was empty.

Dungeon Overview and Level Annotations

Branches:
Dungeon (4/15)
 Temple: D:4-7

Altars:
Kikubaaqudgha
Sif Muna
Wu Jian

Annotations:
D:2 2 transporters


Innate Abilities, Weirdness & Mutations

You are resistant to torment.
Your stone body is resilient. (AC +4)
You are immune to poison.
You resist negative energy. (rN+)
You are resistant to electric shocks. (rElec)
You can survive without breathing.
You are immune to petrification.
You are immune to rotting.


Message History

You are too injured to fight recklessly!
You are too injured to fight recklessly!
You are too injured to fight recklessly!
You hit the orc warrior but do no damage.
The orc warrior is severely wounded.
You block the orc warrior's attack.
Your shield and scale mail prevent you from hitting the orc warrior.
The orc warrior is severely wounded.
The orc warrior hits you with a +0 war axe.
You hit the orc warrior but do no damage.
The orc warrior is severely wounded.
The orc warrior hits you with a +0 war axe!!
* * * LOW HITPOINT WARNING * * *
You closely miss the orc warrior.
The orc warrior is severely wounded.
You block the orc warrior's attack.
You hit the orc warrior but do no damage.
The orc warrior is severely wounded.
The orc warrior hits you with a +0 war axe!
You die...

## ......
###.......(## .#
#.....##...........#
##
.[................##
# #.................#
# ##................#
# #..(.............#
#...............##
#.....o......(..#
#....[.@........# ###
##..............##
..#####
#.....#........##
......#
#.....##.......#
......#
#.....####....##
......#
#.......#######
......###........##
.)...###..........###
.....#
#............##


You could see an orc warrior.

Vanquished Creatures
  Sigmund (D:4)
  Purgy (D:3)
  A phantom (D:4)
  An orc priest (D:4)
  An orc wizard (D:3)
  An iguana (D:4)
  A worker ant (D:3)
  5 gnolls
  3 adders
  3 oozes
  2 worms
  6 dart slugs
  2 leopard geckos
  6 orcs
  A ball python (D:3)
  4 giant cockroaches (D:3)
  5 goblins
  5 hobgoblins
  3 quokkas
  3 bats
  A frilled lizard (D:2)
  A jackal skeleton (D:4)
  9 kobolds
  21 rats
87 creatures vanquished.

Notes
Turn   | Place    | Note
-------+----------+-------------------------------------------
     0 | D:1      | Queen the Gargoyle Fighter began the quest for the Orb.
     0 | D:1      | Reached XP level 1. HP: 14/14 MP: 1/1
   233 | D:1      | Reached XP level 2. HP: 16/19 MP: 2/2
   399 | D:1      | Reached XP level 3. HP: 20/23 MP: 3/3
   907 | D:2      | Noticed a water moccasin
   936 | D:2      | Found a transporter.
  1112 | D:2      | Found an ancient bone altar of Kikubaaqudgha.
  1116 | D:2      | Found a transporter.
  1198 | D:2      | Found an ornate altar of the Wu Jian Council.
  1326 | D:2      | Reached XP level 4. HP: 29/29 MP: 4/4
  1438 | D:2      | You fall into a shaft and drop 2 floors!
  2064 | D:2      | Found a shimmering blue altar of Sif Muna.
  2183 | D:3      | Reached XP level 5. HP: 32/33 MP: 5/5
  3198 | D:4      | Noticed Purgy
  3199 | D:4      | Noticed Sigmund
  3240 | D:3      | Killed Purgy
  3240 | D:3      | Reached XP level 6. HP: 5/39 MP: 6/6
  3540 | D:4      | Killed Sigmund
  3540 | D:4      | Reached skill level 5 in Fighting
  3540 | D:4      | Reached skill level 5 in Maces & Flails
  3540 | D:4      | Reached skill level 5 in Armour
  3540 | D:4      | Reached XP level 7. HP: 22/44 MP: 7/7
  3994 | D:4      | HP: 2/44 [orc priest/divine providence (12)]
  4332 | D:4      | Slain by an orc warrior

Illustrated notes

Levels and vault maps discovered:
D:1:      dpeg_arrival_simpleton_a, layout_basic, minmay_misc_feat_cross
D:2:      layout_basic, gammafunk_temple_overflow_arena, marbit_many_paths,
          lemuel_crystal_altar
D:3:      minmay_door_path, layout_loops_corners
D:4:      layout_cave_pods, minmay_rat_hole, uniq_purgy, uniq_sigmund

Skill      XL: |  1  2  3  4  5  6 |
---------------+-------------------+-----
Maces & Flails | 3 4 5 |  5.9
Fighting       | 4 5 |  5.4
Armour         | 4 5 |  5.3
Shields        | |  3.2

Action                   |  1- 3 |  4- 6 |  7- 9 || total
-------------------------+-------+-------+-------++-------
Melee: Whip              |   124 |    58 |       ||   182
       Flail             |     2 |   153 |    93 ||   248
  Use: Scroll            |       |     6 |       ||     6
       Potion            |       |     1 |     1 ||     2
Armor: Scale mail        |    59 |   135 |    24 ||   218
Dodge: Dodged            |    53 |   110 |    31 ||   194
Block: Other             |       |     1 |    11 ||    12
       Kite shield       |       |       |     9 ||     9

Table legend: (Time is in decaauts)
 A = Elapsed time spent in this place.
 B = Non-inter-level travel time spent in this place.
 C = Inter-level travel time spent in this place.
 D = Time resting spent in this place.
 E = Time spent auto-exploring this place.
 F = Levels seen in this place.
 G = Mean time per level.
                   A        B        C        D        E       F      G
               +--------+--------+--------+--------+--------+-----+--------+
         Total |   4369 |   4253 |    116 |   1418 |   1905 |   4 | 1092.2 |
       Dungeon |   4369 |   4253 |    116 |   1418 |   1905 |   4 | 1092.2 |
               +--------+--------+--------+--------+--------+-----+--------+

Top non-repeatable levels by time:
     D:3: 2174 daAuts
     D:1: 905 daAuts
     D:2: 646 daAuts
     D:4: 641 daAuts
